PL
BOSTON PATRIOTS @ VANCOUVER GREY WOLVES
08/06/2026
 
TOP OF THE 1ST
Boston Patriots batting - Pitching for Vancouver Grey Wolves : LHP Felipe Machado
Pitching: LHP Felipe Machado
Batting: RHB Tommy Jones 0-0: TRIPLE (Flyball, 8LXD)
Batting: RHB Miguel Márquez 0-0: Swinging Strike
0-1: Foul Ball, location: 2F
0-2: Ground out 6-3 (Groundball, 6)
Tommy Jones scores
Batting: LHB Ki-tak Im 0-0: Called Strike
0-1: Swinging Strike
0-2: Foul Ball, location: 2F
0-2: Ball
1-2: Ground out U3 (Groundball, 34)
Batting: RHB Brent Ryan 0-0: Foul Ball, location: 2F
0-1: Foul Ball, location: 2F
0-2: Ground out 5-3 (Groundball, 56S)
Top of the 1st over - 1 run(s), 1 hit(s), 0 error(s), 0 left on base; Boston 1 - Vancouver 0
BOTTOM OF THE 1ST
Vancouver Grey Wolves batting - Pitching for Boston Patriots : RHP Alberto Reyes
Pitching: RHP Alberto Reyes
Batting: LHB Tom Cotton 0-0: Called Strike
0-1: Swinging Strike
0-2: Foul Ball, location: 2F
0-2: Strikes out looking
Batting: RHB Álex Estrada 0-0: Ball
1-0: Fly out, F6 (Line Drive, 6)
Batting: LHB Rick Harrison 0-0: Called Strike
0-1: Foul Ball, location: 2F
0-2: Foul Ball, location: 2F
0-2: Ground out 1-3 (Groundball, 13)
Bottom of the 1st over - 0 run(s), 0 hit(s), 0 error(s), 0 left on base; Boston 1 - Vancouver 0
TOP OF THE 2ND
Boston Patriots batting - Pitching for Vancouver Grey Wolves : LHP Felipe Machado
Batting: RHB Terry Armstrong 0-0: Ball
1-0: Foul Ball, location: 2F
1-1: Called Strike
1-2: Ball
2-2: Foul Ball, location: 2F
2-2: SINGLE (Groundball, 6MD)
Batting: RHB Gabriel Maldonado 0-0: Called Strike
0-1: Foul Ball, location: 2F
0-2: Ball
1-2: Foul Ball, location: 2F
1-2: Strikes out swinging
Batting: RHB Karl Schultz 0-0: Called Strike
0-1: Ground out 4-3 (Groundball, 34D)
Terry Armstrong to second
Batting: LHB Jorge Pérez 0-0: Ball
1-0: Ground out U3 (Groundball, 3)
Top of the 2nd over - 0 run(s), 1 hit(s), 0 error(s), 1 left on base; Boston 1 - Vancouver 0
BOTTOM OF THE 2ND
Vancouver Grey Wolves batting - Pitching for Boston Patriots : RHP Alberto Reyes
Batting: RHB Hieu De 0-0: Ball
1-0: Called Strike
1-1: Ball
2-1: Ball
3-1: Called Strike
3-2: Foul Ball, location: 2F
3-2: Base on Balls
Batting: LHB Thomas Campbell 0-0: Ball
1-0: SINGLE (Groundball, 34D)
Hieu De to second
Runner from 2nd tries for 3rd, SAFE, throw made to third
Batting: RHB Tony Farquharson 0-0: Ball
1-0: Ball
2-0: Ball
3-0: Called Strike
3-1: Foul Ball, location: 2F
3-2: Ground out 6-3 (Groundball, 6S)
Hieu De scores
Thomas Campbell to second
Batting: RHB Joaquín Parra 0-0: Swinging Strike
0-1: Ball
1-1: Ball
2-1: Ball
3-1: Foul Ball, location: 2F
3-2: Strikes out looking
Batting: LHB Francisco Santos 0-0: Swinging Strike
0-1: Hit by Pitch
Batting: RHB Hank Scorpio 0-0: Ball
1-0: Fielders Choice at 2nd, 6-4 (Groundball, 6)
Bottom of the 2nd over - 1 run(s), 1 hit(s), 0 error(s), 1 left on base; Boston 1 - Vancouver 1
TOP OF THE 3RD
Boston Patriots batting - Pitching for Vancouver Grey Wolves : LHP Felipe Machado
Batting: LHB Alberto Enríquez 0-0: Ball
1-0: Ball
2-0: Called Strike
2-1: Foul Ball, location: 2F
2-2: SINGLE (Groundball, 3D)
Batting: RHB Tommy Jones 0-0: Called Strike
0-1: Ball
1-1: Foul Ball, location: 2F
1-2: Ball
2-2: Ball
3-2: Ground out 5-3 (Groundball, 56S)
Alberto Enríquez to second
Batting: RHB Miguel Márquez 0-0: Ground out 5-3 (Groundball, 56)
Batting: LHB Ki-tak Im 0-0: Called Strike
0-1: Ball
1-1: Foul Ball, location: 2F
1-2: Fly out, F4 (Line Drive, 4M)
Top of the 3rd over - 0 run(s), 1 hit(s), 0 error(s), 1 left on base; Boston 1 - Vancouver 1
BOTTOM OF THE 3RD
Vancouver Grey Wolves batting - Pitching for Boston Patriots : RHP Alberto Reyes
Batting: LHB Tom Cotton 0-0: Ball
1-0: Fly out, F8 (Line Drive, 78M)
Batting: RHB Álex Estrada 0-0: SOLO HOME RUN (Flyball, 78XD), Distance : 375 ft
Batting: LHB Rick Harrison 0-0: Ball
1-0: Ball
2-0: Ball
3-0: Base on Balls
Batting: RHB Hieu De 0-0: Ball
1-0: Called Strike
1-1: Foul Ball, location: 2F
1-2: Ball
2-2: Fly out, F4 (Popup, 4D)
Batting: LHB Thomas Campbell 0-0: Ball
1-0: Called Strike
1-1: Ball
2-1: Swinging Strike
2-2: Ground out U3 (Groundball, 34)
Bottom of the 3rd over - 1 run(s), 1 hit(s), 0 error(s), 1 left on base; Boston 1 - Vancouver 2
TOP OF THE 4TH
Boston Patriots batting - Pitching for Vancouver Grey Wolves : LHP Felipe Machado
Batting: RHB Brent Ryan 0-0: Ball
1-0: SINGLE (Groundball, 6) (infield hit)
Batting: RHB Terry Armstrong 0-0: Ball
1-0: Ball
2-0: Ball
3-0: Called Strike
3-1: Called Strike
3-2: DOUBLE (Line Drive, 9LD)
Brent Ryan to third
Brent Ryan scores
Batting: RHB Gabriel Maldonado 0-0: Foul Ball, location: 2F
0-1: Foul Ball, location: 2F
0-2: Ball
1-2: Foul Ball, location: 2F
1-2: Ball
2-2: Ball
3-2: Base on Balls
Batting: RHB Karl Schultz 0-0: Called Strike
0-1: Ball
1-1: Fly out, F9 (Flyball, 9S)
Batting: LHB Jorge Pérez 0-0: Called Strike
0-1: Ball
1-1: Ball
2-1: Fly out, F7 (Flyball, 7LS)
Batting: LHB Alberto Enríquez 0-0: Called Strike
0-1: Ground out U3 (Groundball, 34)
Top of the 4th over - 1 run(s), 2 hit(s), 0 error(s), 2 left on base; Boston 2 - Vancouver 2
BOTTOM OF THE 4TH
Vancouver Grey Wolves batting - Pitching for Boston Patriots : RHP Alberto Reyes
Batting: RHB Tony Farquharson 0-0: Ball
1-0: Called Strike
1-1: Swinging Strike
1-2: Fly out, F7 (Line Drive, 7LM)
Batting: RHB Joaquín Parra 0-0: Ball
1-0: Ground out 6-3 (Groundball, 6)
Batting: LHB Francisco Santos 0-0: Ball
1-0: Ball
2-0: Fly out, F3 (Line Drive, 3L)
Bottom of the 4th over - 0 run(s), 0 hit(s), 0 error(s), 0 left on base; Boston 2 - Vancouver 2
TOP OF THE 5TH
Boston Patriots batting - Pitching for Vancouver Grey Wolves : LHP Felipe Machado
Batting: RHB Tommy Jones 0-0: Ball
1-0: Called Strike
1-1: Ground out 6-3 (Groundball, 6)
Batting: RHB Miguel Márquez 0-0: Ball
1-0: Ball
2-0: Foul Ball, location: 2F
2-1: Ball
3-1: Base on Balls
Batting: LHB Ki-tak Im 0-0: Ball
1-0: Ball
2-0: Swinging Strike
2-1: Ball
3-1: SINGLE (Groundball, 34)
Miguel Márquez to second
Runner from 2nd tries for 3rd, SAFE, no throw
Batting: RHB Brent Ryan 0-0: Ball
1-0: Fly out, F7 (Line Drive, 78S)
Runner from 3rd tags up, SCORES, no throw
Batting: RHB Terry Armstrong 0-0: Ball
1-0: Ball
2-0: Fly out, F9 (Flyball, 9LS)
Top of the 5th over - 1 run(s), 1 hit(s), 0 error(s), 1 left on base; Boston 3 - Vancouver 2
BOTTOM OF THE 5TH
Vancouver Grey Wolves batting - Pitching for Boston Patriots : RHP Alberto Reyes
Batting: RHB Hank Scorpio 0-0: Fly out, F6 (Line Drive, 6M)
Batting: LHB Tom Cotton 0-0: Bunt missed!
0-1: Ball
1-1: Fly out, F7 (Flyball, 78S)
Batting: RHB Álex Estrada 0-0: Ball
1-0: Called Strike
1-1: SINGLE (Flyball, 89S)
Batting: LHB Rick Harrison 0-0: Ball
1-0: Foul Ball, location: 2F
1-1: Ball
2-1: Foul Ball, location: 2F
2-2: Ball
3-2: SINGLE (Groundball, 4MD)
Álex Estrada to second
Álex Estrada to third
Batting: RHB Hieu De 0-0: 3-RUN HOME RUN (Flyball, 89XD), Distance : 379 ft
Batting: LHB Thomas Campbell 0-0: Foul Ball, location: 2F
0-1: Fly out, F8 (Line Drive, 8RD)
Bottom of the 5th over - 3 run(s), 3 hit(s), 0 error(s), 0 left on base; Boston 3 - Vancouver 5
TOP OF THE 6TH
Boston Patriots batting - Pitching for Vancouver Grey Wolves : LHP Felipe Machado
Batting: RHB Gabriel Maldonado 0-0: Swinging Strike
0-1: Ball
1-1: Swinging Strike
1-2: DOUBLE (Line Drive, 7LD)
Batting: RHB Karl Schultz 0-0: Ball
1-0: Ball
2-0: Ball
3-0: Called Strike
3-1: Base on Balls
Batting: LHB Jorge Pérez 0-0: Called Strike
0-1: Foul Ball, location: 2F
0-2: Foul Ball, location: 2F
0-2: Ball
1-2: Ball
2-2: Foul Ball, location: 2F
2-2: Ball
Passed Ball!
Gabriel Maldonado to third
Karl Schultz to second
3-2: Fly out, F2 (Popup, 3S)
Batting: LHB Alberto Enríquez 0-0: Called Strike
0-1: Called Strike
0-2: Foul Ball, location: 2F
0-2: Foul Ball, location: 2F
0-2: Ground out 4-3 (Groundball, 34D)
Gabriel Maldonado scores
Karl Schultz to third
Pitching: RHP Burt Booth
Batting: RHB Tommy Jones 0-0: Ball
1-0: Called Strike
1-1: Foul Ball, location: 2F
1-2: Fly out, F7 (Line Drive, 78D)
Top of the 6th over - 1 run(s), 1 hit(s), 0 error(s), 1 left on base; Boston 4 - Vancouver 5
BOTTOM OF THE 6TH
Vancouver Grey Wolves batting - Pitching for Boston Patriots : RHP Alberto Reyes
Batting: RHB Tony Farquharson 0-0: Ball
1-0: Called Strike
1-1: SINGLE (Line Drive, 56D)
Batting: RHB Joaquín Parra 0-0: Ground out 5-3 (Groundball, 56)
Tony Farquharson to second
Batting: LHB Francisco Santos 0-0: Ball
1-0: Called Strike
1-1: Foul Ball, location: 2F
1-2: Foul Ball, location: 2F
1-2: Ground out 6-3 (Groundball, 6)
Batting: RHB Hank Scorpio 0-0: Called Strike
0-1: SINGLE (Line Drive, 4D)
Tony Farquharson to third
Batting: LHB Tom Cotton 0-0: Ball
1-0: Called Strike
1-1: Ball
2-1: Ball
3-1: Foul Ball, location: 2F
3-2: Base on Balls
Hank Scorpio to second
Batting: RHB Álex Estrada 0-0: Foul Ball, location: 2F
0-1: Ball
1-1: Fielders Choice at 2nd, 6-4 (Groundball, 56D)
Bottom of the 6th over - 0 run(s), 2 hit(s), 0 error(s), 2 left on base; Boston 4 - Vancouver 5
TOP OF THE 7TH
Boston Patriots batting - Pitching for Vancouver Grey Wolves : RHP Burt Booth
Batting: RHB Miguel Márquez 0-0: Ball
1-0: Ball
2-0: Called Strike
2-1: Ball
3-1: Fly out, F8 (Flyball, 8RD)
Batting: LHB Ki-tak Im 0-0: Ball
1-0: Ground out 4-3 (Groundball, 4)
Batting: RHB Brent Ryan 0-0: Ball
1-0: Fly out, F8 (Flyball, 8RD)
Top of the 7th over - 0 run(s), 0 hit(s), 0 error(s), 0 left on base; Boston 4 - Vancouver 5
BOTTOM OF THE 7TH
Vancouver Grey Wolves batting - Pitching for Boston Patriots : RHP Alberto Reyes
Batting: LHB Rick Harrison 0-0: Ball
1-0: Ball
2-0: SINGLE (Line Drive, 89S)
Batting: RHB Hieu De 0-0: Ball
1-0: Foul Ball, location: 2F
1-1: Foul Ball, location: 2F
1-2: Ball
2-2: Ball
3-2: SINGLE (Groundball, 6D)
Rick Harrison to second
Batting: LHB Thomas Campbell 0-0: Ball
1-0: Swinging Strike
1-1: Ball
2-1: Called Strike
2-2: Ball
3-2: Base on Balls
Rick Harrison to third
Hieu De to second
Pitching: RHP Pancho Padilla
Batting: RHB Tony Farquharson 0-0: Called Strike
0-1: Foul Ball, location: 2F
0-2: Ball
1-2: SINGLE (Groundball, 6D)
Rick Harrison scores
Hieu De to third
Thomas Campbell to second
Pinch Hitting: LHB Sébastien Rolland 0-0: Ball
1-0: Grounds into fielders choice 1-2 (Groundball, 15S)
Thomas Campbell to third
Tony Farquharson to second
Batting: LHB Francisco Santos 0-0: Fly out, F8 (Line Drive, 8LS)
Runner from 3rd tags up, SCORES, no throw
Batting: RHB Hank Scorpio 0-0: Swinging Strike
0-1: SINGLE (Groundball, 56D)
Tony Farquharson to third
Sébastien Rolland to second
Runner from 3rd tries for Home, SAFE, no throw
Batting: LHB Tom Cotton 0-0: Called Strike
0-1: Ball
1-1: Foul Ball, location: 2F
1-2: Strikes out looking
Bottom of the 7th over - 3 run(s), 4 hit(s), 0 error(s), 2 left on base; Boston 4 - Vancouver 8
TOP OF THE 8TH
Boston Patriots batting - Pitching for Vancouver Grey Wolves : RHP Burt Booth
Now at 3B: Paul Houston
Batting: RHB Terry Armstrong 0-0: Ball
1-0: Fly out, F8 (Flyball, 89M)
Batting: RHB Gabriel Maldonado 0-0: Ball
1-0: Called Strike
1-1: Swinging Strike
1-2: Foul Ball, location: 2F
1-2: SINGLE (Line Drive, 7S)
Batting: RHB Karl Schultz 0-0: Fly out, F7 (Flyball, 7LS)
Batting: LHB Jorge Pérez 0-0: Ground out 3-1 (Groundball, 34)
Top of the 8th over - 0 run(s), 1 hit(s), 0 error(s), 1 left on base; Boston 4 - Vancouver 8
BOTTOM OF THE 8TH
Vancouver Grey Wolves batting - Pitching for Boston Patriots : RHP Pancho Padilla
Batting: RHB Álex Estrada 0-0: Ball
1-0: Called Strike
1-1: Called Strike
1-2: Foul Ball, location: 2F
1-2: Ball
2-2: Foul Ball, location: 2F
2-2: Ball
3-2: Strikes out swinging
Batting: LHB Rick Harrison 0-0: Swinging Strike
0-1: Ball
1-1: Ball
2-1: Foul Ball, location: 2F
2-2: Ground out 4-3 (Groundball, 34D)
Batting: RHB Hieu De 0-0: Swinging Strike
0-1: Ball
1-1: Ball
2-1: Swinging Strike
2-2: Foul Ball, location: 2F
2-2: Ball
3-2: Foul Ball, location: 2F
3-2: Foul Ball, location: 2F
3-2: Foul Ball, location: 2F
3-2: Base on Balls
Batting: LHB Thomas Campbell 0-0: Ball
1-0: Ball
2-0: Ball
3-0: Base on Balls
Hieu De to second
Batting: RHB Tony Farquharson 0-0: Ball
1-0: Fielders Choice at 2nd, 6-4 (Groundball, 6)
Bottom of the 8th over - 0 run(s), 0 hit(s), 0 error(s), 1 left on base; Boston 4 - Vancouver 8
TOP OF THE 9TH
Boston Patriots batting - Pitching for Vancouver Grey Wolves : RHP Burt Booth
Pitching: RHP Alfonso Vera
Batting: LHB Alberto Enríquez 0-0: Called Strike
0-1: Ball
1-1: Ball
2-1: Ball
3-1: Called Strike
3-2: Fly out, F7 (Line Drive, 7)
Batting: RHB Tommy Jones 0-0: Ball
1-0: Ground out 5-3 (Groundball, 5)
Batting: RHB Miguel Márquez 0-0: Called Strike
0-1: Ball
1-1: Foul Ball, location: 2F
1-2: Foul Ball, location: 2F
1-2: Foul Ball, location: 2F
1-2: Ground out 6-3 (Groundball, 6)
Top of the 9th over - 0 run(s), 0 hit(s), 0 error(s), 0 left on base; Boston 4 - Vancouver 8
Monday, March 20th, 2017 - OOTP Baseball 17.12 Build 75